 Dungeon Crawl Stone Soup version 0.31-a0-370-g25055926c8 (webtiles) character file.

Game seed: 17619603815947175345

3486 arkain123 the Cleaver (level 9, 0/79 HPs)
             Began as a Minotaur Fighter on July 29, 2023.
             Was a Follower of Wu Jian.
             Slain by an unseen horror (2 damage)
             ... on level 10 of the Dungeon.
             The game lasted 00:55:59 (6796 turns).

arkain123 the Cleaver (Minotaur Fighter)            Turns: 6796, Time: 00:56:00

Health: 0/79       AC: 11    Str: 24    XL:     9   Next: 79%
Magic:  17/17      EV: 11    Int:  5    God:    Wu Jian [*.....]
Gold:   371        SH: 10    Dex: 11    Spells: 8/8 levels left

rFire   . . .        a - +2 war axe
rCold   . . .        c - +0 buckler
rNeg    . . .        b - +0 scale mail
rPois   .            (helmet restricted)
rElec   .            l - +0 cloak
rCorr   .            N - +0 pair of gloves
SInv    .            (no boots)
Will    .....        h - amulet of reflection Stlth
                     R - ring of magical power
HPRegen 0.33/turn    (no ring)
MPRegen 0.15/turn

%: reflection
@: no status effects
A: horns 2, retaliatory headbutt
a: Renounce Religion


You were on level 10 of the Dungeon.
You worshipped Wu Jian.
Wu Jian was aware of your devotion.
You visited 2 branches of the dungeon, and saw 11 of its levels.

You collected 371 gold pieces.

Inventory:

Hand Weapons
 a - a +2 war axe (weapon)
 f - a +0 whip
 g - a +0 spear
 m - a +0 spear
 n - a +0 sling
 q - a +0 great sword
 s - a +0 orcbow
 u - a +0 flail
 v - a +0 mace
 w - a +0 giant spiked club
 z - a +0 halberd
 A - a +0 spear
 B - a +0 hand axe
 F - a +1 quarterstaff of draining
 G - a +0 flail
 M - a +0 short sword
 P - a +0 broad axe
 T - a +4 great sword
Missiles
 e - 34 stones (quivered)
Armour
 b - a +0 scale mail (worn)
 c - a +0 buckler (worn)
 l - a +0 cloak (worn)
 t - a +0 ring mail
 y - a +1 ring mail of willpower
 D - a +0 robe
 E - a +0 leather armour
 L - the +1 leather armour of Zalyeb {+Inv Stlth+}
   (You found it on level 7 of the Dungeon)

   +Inv:      It lets you turn invisible.
   Stlth:     It makes you more stealthy.
 N - a +0 pair of gloves (worn)
 Q - +0 swamp dragon scales
Magical Staves
 K - a staff of earth
Jewellery
 h - an amulet of reflection (around neck)
 j - an amulet of faith
 r - the ring of Noinnip {Drain EV+5 Str+4 Int+2 Slay+3}
   (You found it on level 3 of the Dungeon)

   [ring of evasion]

   EV:        It affects your evasion (+5).
   Str:       It affects your strength (+4).
   Int:       It affects your intelligence (+2).
   Slay:      It affects your accuracy & damage with ranged weapons and melee
   (+3).
   Drain:     It drains your maximum health when unequipped.
 R - a ring of magical power (left hand)
Talismans
 I - a maw talisman
 O - a blade talisman
Wands
 p - a wand of charming (11)
Scrolls
 d - a scroll of brand weapon {unknown}
 i - 2 scrolls of noise
 k - a scroll of immolation
 o - 2 scrolls of blinking
 C - a scroll of fear
 H - a scroll of amnesia
 S - a scroll of poison
 U - a scroll of teleportation
Potions
 x - a potion of curing
 J - 2 potions of lignification


   Skills:
 + Level 7.1 Fighting
 + Level 1.3 Long Blades
 + Level 10.8 Axes
 + Level 8.4 Armour
 + Level 4.1 Dodging
 + Level 1.0 Stealth
 + Level 7.7 Shields


You had 8 spell levels left.
You didn't know any spells.
Your spell library contained the following spells:

 Spells                   Type           Power      Damage    Failure   Level
 Blink                    Tloc           0%         N/A       90%         2
 Lesser Beckoning         Tloc           0%         N/A       90%         2
 Momentum Strike          Conj/Tloc      0%         3d8       90%         2


Dungeon Overview and Level Annotations

Branches:
Dungeon (11/15)            Temple (1/1) D:4
   Lair: D:8-11         Orc: D:9-12

Altars:
Ashenzari
Cheibriados
Dithmenos
Elyvilon
Fedhas
Gozag
Hepliaklqana
Kikubaaqudgha
Nemelex Xobeh
Okawaru
Qazlal
Ru
Sif Muna
Trog
Uskayaw
Vehumet
Wu Jian
Xom
Yredelemnul
Zin
The Shining One

Shops:
D:6 (

Portals:
Ossuary: D:7


Innate Abilities, Weirdness & Mutations

You have a pair of horns on your head.
You reflexively headbutt those who attack you in melee.


Message History

Something hits you.
You see here a scroll labelled NUNAXISHIK.
You hit something. Something hits you but does no damage.
d - a scroll labelled NUNAXISHIK Something hits you!
Something hits you but does no damage. Something hits you but does no damage.
Something hits you but does no damage. Something hits you but does no damage.
Something hits you but does no damage.
You barely miss something. Your headbutt misses something.
Something hits you but does no damage. Something hits you. Something hits you.
You block something's attack.
You miss something. You headbutt something. Something barely misses you.
You hit something. Something hits you!
Something hits you but does no damage. x2
Something hits you but does no damage. Something hits you. Something hits you!
Something hits you but does no damage.
You miss something. Something hits you but does no damage.
Something completely misses you.
You slash something! Something hits you. Something hits you but does no damage.
Something hits you. Something hits you.
* * * LOW HITPOINT WARNING * * *
Something hits you but does no damage. Something hits you!
* * * LOW HITPOINT WARNING * * *
Something hits you.
* * * LOW HITPOINT WARNING * * *
Something hits you.
* * * LOW HITPOINT WARNING * * *
Something hits you but does no damage. Something barely misses you.
Something hits you!
* * * LOW HITPOINT WARNING * * *
Something hits you but does no damage. Something hits you.
You die...

..... .............. #....
.............. ##########..#
########..####
............###############......
......................>..........
.................................
......................###########
.....)<...............#
................@.....#
.............)........###########
..........)..............§......O
........................§≈≈≈≈≈.§≈
##############.....>.....≈####+##
##############..###########
................##########
.........................#
................##########


There were no monsters in sight!

Vanquished Creatures
  A two-headed ogre (D:10)
  Maggie (D:10)
  A wyvern (D:9)
  A wraith (D:9)
  A steam dragon (D:9)
  An acid dragon (D:9)
  A water moccasin (D:7)
  A black bear (D:6)
  A sky beast (D:7)
  2 ogres
  2 bullfrogs
  4 scorpions
  5 wights (D:9)
  4 killer bees (D:9)
  2 howler monkeys
  2 jellies
  An orc priest (D:4)
  4 hounds
  A sleepcap (D:5)
  3 gnoll boudas
  2 iguanas
  An orc wizard (D:5)
  11 gnolls
  12 adders
  4 white imps
  4 ufetubi
  3 dart slugs
  10 orcs
  3 bats
  9 endoplasms
  2 giant cockroaches
  8 goblins
  7 hobgoblins
  8 jackals
  10 kobolds
  4 quokkas
  8 ball pythons
  4 frilled lizards
  11 rats
160 creatures vanquished.

Notes
Turn   | Place    | Note
-------+----------+-------------------------------------------
     0 | D:1      | arkain123 the Minotaur Fighter began the quest for the Orb.
     0 | D:1      | Reached XP level 1. HP: 19/19 MP: 0/0
    81 | D:1      | Reached XP level 2. HP: 27/27 MP: 1/1
   233 | D:1      | Reached XP level 3. HP: 29/33 MP: 2/2
   292 | D:1      | Reached skill level 3 in Axes
   965 | D:2      | Reached XP level 4. HP: 40/40 MP: 3/3
  1115 | D:2      | Learned a level 2 spell: Blink
  1793 | D:3      | Identified the ring of Noinnip {Drain EV+5 Str+4 Int+2
                  | Slay+3}
  1829 | D:3      | Reached skill level 4 in Axes
  1896 | D:3      | Reached XP level 5. HP: 34/47 MP: 4/4
  1980 | D:3      | Reached skill level 1 in Dodging
  2464 | D:4      | Noticed an ogre
  2469 | D:4      | Reached skill level 5 in Armour
  2472 | D:4      | Killed an ogre
  2473 | D:4      | Reached XP level 6. HP: 53/53 MP: 5/5
  2539 | D:4      | Reached skill level 1 in Long Blades
  2751 | D:4      | Found a staircase to the Ecumenical Temple.
  2759 | D:4      | Reached skill level 5 in Axes
  2829 | Temple   | Entered the Ecumenical Temple
  3263 | Temple   | Became a worshipper of Nemelex Xobeh the Trickster
  3411 | D:5      | Entered Level 5 of the Dungeon
  3438 | D:5      | Reached skill level 5 in Shields
  3441 | D:5      | Reached XP level 7. HP: 60/60 MP: 6/6
  3491 | D:5      | HP: 3/60 [gnoll bouda/+0 club (1)]
  3574 | D:5      | Reached skill level 5 in Fighting
  3638 | D:5      | Reached skill level 6 in Axes
  4174 | D:6      | Found a radiant altar of Vehumet.
  4176 | D:6      | Reached * piety under Nemelex Xobeh
  4210 | D:6      | Found an ornate altar of the Wu Jian Council.
  4210 | D:6      | Found an iron altar of Okawaru.
  4211 | D:6      | Found a hide-covered altar of Uskayaw.
  4211 | D:6      | Found a bloodstained altar of Trog.
  4222 | D:6      | Fell from the grace of Nemelex Xobeh
  4222 | D:6      | Became a worshipper of the Wu Jian Council
  4552 | D:6      | Reached skill level 7 in Axes
  4552 | D:6      | Reached XP level 8. HP: 43/68 MP: 7/7
  4558 | D:6      | Found Uthoptya's Weapon Shop.
  5223 | D:7      | Identified the +1 leather armour of Zalyeb {+Inv Stlth+}
  5334 | D:7      | Reached skill level 8 in Axes
  5484 | D:7      | Found a snail-covered altar of Cheibriados.
  5501 | D:7      | Found a glowing silver altar of Zin.
  5561 | D:7      | Found a sand-covered staircase.
  5625 | D:7      | You fall into a shaft and drop 3 floors!
  5625 | D:10     | Entered Level 10 of the Dungeon
  5648 | D:10     | Noticed Maggie
  5668 | D:10     | Killed Maggie
  5740 | D:10     | Noticed a two-headed ogre
  5749 | D:11     | Noticed a cyclops
  5856 | D:9      | Reached skill level 9 in Axes
  5856 | D:9      | Reached XP level 9. HP: 66/75 MP: 8/8
  5881 | D:9      | Reached * piety under Wu Jian
  5928 | D:9      | Found a hazy altar of Hepliaklqana.
  6054 | D:9      | Found a sacrificial altar of Ru.
  6077 | D:9      | Reached skill level 1 in Stealth
  6082 | D:9      | Reached skill level 10 in Axes
  6723 | D:10     | Killed a two-headed ogre
  6794 | D:10     | HP: 1/79 [something (9)]
  6796 | D:10     | Slain by an unseen horror

Illustrated notes

Levels and vault maps discovered:
D:1:      lemuel_arrival_lava_pool, layout_basic, minmay_misc_feat_doors,
          nicolae_hexahallways
D:2:      minmay_razor_zed, layout_loops_ring, amethyst_killhole,
          lexackson_kobold_supper
D:3:      layout_basic, nicolae_concentric_dashed_squares_wild
D:4:      layout_basic, minmay_temple_entry_proselytizer
D:5:      layout_rooms, minmay_strange_pillars
D:6:      layout_basic, chequers_temple_overflow_statue_of_worship,
          nicolae_vehumet_altar_sigil, serial_shops,
          nicolae_shop_getting_attention, kennysheep_dice
D:7:      layout_gridville, zin_academy, mainiacjoe_overflow_small_starburst,
          enter_ossuary_1, minmay_misc_feat_rows
D:9:      statuecave_lemuel, layout_irregular_city,
          mainiacjoe_overflow_alcove_1, nicolae_ru_the_path_less_chosen
D:10:     lemuel_flame_loot_2, layout_long_grid, lightli_temple_of_fire,
          nicolae_transporter_intersection, uniq_maggie, uniq_fannar, uniq_urug
D:11:     layout_cave_pools, serial_shops, nicolae_diamond_shop, serial_rivers,
          chequers_serial_rivers_small_b, chequers_serial_rivers_micro_e,
          chequers_serial_rivers_large_b, chequers_serial_rivers_marsh,
          patterned_corridor
Temple:   minmay_temple_forest_path

Skill      XL: |  1  2  3  4  5  6  7  8  9 |
---------------+----------------------------+-----
Armour         | 4 5 6 7 8 |  8.4
Fighting       | 4 5 6 7 |  7.1
Shields        | 4 5 6 7 |  7.7
Axes           | 3 4 5 7 9 10 | 10.8
Dodging        | 1 2 3 4 |  4.1
Long Blades    | 1 |  1.3
Stealth        | 1 |  1.0

Action                     |  1- 3 |  4- 6 |  7- 9 || total
---------------------------+-------+-------+-------++-------
  Melee: War axe           |    71 |    88 |   228 ||   387
         Headbutt          |    11 |    12 |    39 ||    62
         Great sword       |       |    23 |       ||    23
   Fire: Sling             |       |       |     2 ||     2
  Throw: Stone             |       |       |     1 ||     1
Ability: Lunge             |       |       |     8 ||     8
         Whirlwind         |       |       |     1 ||     1
    Use: Scroll            |     6 |     3 |     4 ||    13
         Potion            |     3 |     1 |     6 ||    10
 Armour: Scale mail        |    26 |    57 |   104 ||   187
  Dodge: Dodged            |    27 |    53 |   106 ||   186
  Block: Buckler           |    14 |    57 |   129 ||   200
         Other             |       |     7 |       ||     7

Table legend: (Time is in decaauts)
 A = Elapsed time spent in this place.
 B = Non-inter-level travel time spent in this place.
 C = Inter-level travel time spent in this place.
 D = Time resting spent in this place.
 E = Time spent auto-exploring this place.
 F = Levels seen in this place.
 G = Mean time per level.
                   A        B        C        D        E       F      G
               +--------+--------+--------+--------+--------+-----+--------+
         Total |   6867 |   1586 |   5281 |      0 |     47 |  11 |  624.3 |
       Dungeon |   6316 |   1548 |   4768 |      0 |     47 |  10 |  631.6 |
        Temple |    551 |     39 |    512 |      0 |      0 |   1 |  551.0 |
               +--------+--------+--------+--------+--------+-----+--------+

Top non-repeatable levels by time:
     D:6: 979 daAuts
     D:9: 956 daAuts
     D:2: 846 daAuts
     D:3: 763 daAuts
     D:1: 752 daAuts
     D:5: 744 daAuts
     D:4: 650 daAuts
  Temple: 551 daAuts
     D:7: 400 daAuts
    D:10: 221 daAuts
    D:11: 1 daAuts
